 Dungeon Crawl Stone Soup version 0.20.0-4-g10b340a (webtiles) character file.

139 Exaltedone87 the Skirmisher (level 5, -1/42 HPs)
             Began as a Demonspawn Fighter on May 27, 2017.
             Slain by Grinder (5 damage)
             ... on level 3 of the Dungeon.
             The game lasted 00:04:25 (2314 turns).

Exaltedone87 the Skirmisher (Demonspawn Fighter)    Turns: 2314, Time: 00:04:26

Health: -1/42      AC:  9    Str: 22    XL:     5   Next: 1%
Magic:  5/5        EV:  7    Int: 10    God:
Gold:   102        SH:  9    Dex: 12    Spells: 4/4 levels left

rFire    . . .     SeeInvis .   a - +0 war axe
rCold    + . .     Gourm    .   c - +0 shield
rNeg     . . .     Faith    .   b - +0 scale mail
rPois    .         Spirit   .   n - +1 hat
rElec    .         Reflect  .   (no cloak)
rCorr    .         Harm     .   k - +0 pair of gloves
MR       .....                  (no boots)
Stlth    +.........             (no amulet)
Regen    0.2/turn               l - ring of stealth
MPRegen  0.1/turn               (no ring)

@: mighty
A: claws 1, cold resistance 1
a: no special abilities


You were on level 3 of the Dungeon.
You were not hungry.

You visited 1 branch of the dungeon, and saw 3 of its levels.

You collected 102 gold pieces.

Inventory:

Hand Weapons
 a - a +0 war axe (weapon)
Missiles
 p - a throwing net (quivered)
Armour
 b - a +0 scale mail (worn)
 c - a +0 shield (worn)
 k - a +0 pair of gloves (worn)
 n - a +1 hat (worn)
Jewellery
 l - a ring of stealth (left hand)
Scrolls
 e - 2 scrolls of enchant weapon {unknown}
 h - 2 scrolls of identify {unknown}
 i - a scroll of random uselessness {unknown}
 q - a scroll of noise {unknown}
 r - a scroll of fear {unknown}
 s - a scroll of amnesia {unknown}
 u - a scroll of magic mapping {unknown}
Potions
 g - 2 potions of curing {unknown}
 m - a potion of heal wounds {unknown}
 o - 2 potions of degeneration {unknown}
Comestibles
 f - 3 bread rations
 j - a royal jelly
 t - a chunk of flesh


   Skills:
 + Level 3.9 Fighting
 + Level 3.0 Axes
 + Level 3.2 Armour
 + Level 0.8 Dodging
 + Level 3.2 Shields


You had 4 spell levels left.
You didn't know any spells.

Dungeon Overview and Level Annotations

Branches:
Dungeon (3/15)

Altars:
Dithmenos
Nemelex Xobeh
Okawaru
Qazlal

Annotations:
D:3 Grinder


Innate Abilities, Weirdness & Mutations

You have sharp fingernails.
Your flesh is cold resistant. (rC+)


Message History

Grinder blinks!
Grinder gestures at you. Pain shoots through your body!
* * * LOW HITPOINT WARNING * * *
You hit Grinder.
Grinder is lightly wounded.
You block Grinder's attack.
Your shield and scale mail prevent you from hitting Grinder.
Grinder is lightly wounded.
Grinder says, "There's only one good use for a tongue: cutting it out."
Grinder gestures at you. Pain shoots through your body!
* * * LOW HITPOINT WARNING * * *
Grinder hits you but does no damage.
Unknown command.
You feel very mighty all of a sudden. Grinder hits you.
* * * LOW HITPOINT WARNING * * *
You writhe in agony.
You die...

#.#
#..>...........
#(#
#..............
#.#
#...[..........
#.#
#..............
#.#
#####.#########
#.# #.
#####.########
#.....5....#
#.....@....#
#..........#
#..........#
#..........#
#..........#
#..........#
#..........#
#..........#
#..........#


You could see Grinder.

Vanquished Creatures
  6 adders
  2 worms (D:2)
  A dart slug (D:1)
  2 leopard geckos
  4 orcs (D:3)
  3 giant cockroaches
  5 goblins
  11 hobgoblins
  6 jackals (D:1)
  3 ball pythons
  4 bats (D:1)
  5 frilled lizards
  11 kobolds
  7 rats
70 creatures vanquished.

Notes
Turn   | Place    | Note
-------+----------+-------------------------------------------
     0 | D:1      | Exaltedone87 the Demonspawn Fighter began the quest for the Orb.
     0 | D:1      | Reached XP level 1. HP: 18/18 MP: 1/1
   338 | D:1      | Gained mutation: Your flesh is cold resistant. (rC+) [demonic ancestry]
   338 | D:1      | Reached XP level 2. HP: 16/24 MP: 2/2
   701 | D:1      | Reached XP level 3. HP: 27/29 MP: 3/3
  1230 | D:2      | Found a stormy altar of Qazlal.
  1421 | D:2      | Found an iron altar of Okawaru.
  1441 | D:2      | Gained mutation: You have sharp fingernails. [demonic ancestry]
  1441 | D:2      | Reached XP level 4. HP: 36/37 MP: 4/4
  1784 | D:2      | Found a sparkling altar of Nemelex Xobeh.
  1824 | D:2      | Found a shadowy altar of Dithmenos.
  2251 | D:3      | Reached XP level 5. HP: 40/42 MP: 5/5
  2278 | D:3      | Noticed Grinder
  2279 | D:3      | Paralysed by Grinder for 7 turns
  2294 | D:3      | Paralysed by Grinder for 2 turns
  2303 | D:3      | Paralysed by Grinder for 6 turns
  2314 | D:3      | Slain by Grinder

Skill      XL: |  1  2  3  4 |
---------------+-------------+-----
Axes           | 2 3 |  3.0
Shields        | 3 |  3.2
Armour         | 3 |  3.2
Fighting       | |  3.9
Dodging        | |  0.8

Action                   |  1- 3 |  4- 6 || total
-------------------------+-------+-------++-------
Melee: War axe           |   146 |    69 ||   215
  Use: Potion            |       |     1 ||     1
  Eat: Chunk             |     2 |     3 ||     5
Armor: Scale mail        |    80 |    39 ||   119
Dodge: Dodged            |    64 |    16 ||    80
Block: Shield            |    81 |    26 ||   107
